 Dungeon Crawl Stone Soup version 0.31-a0-662-g684573625c (webtiles) character file.

Game seed: 13215386501710763451

49 sampeng1 the Ruffian (level 4, -2/33 HPs)
             Began as a Human Shapeshifter on Sept 1, 2023.
             Slain by an orc
             ... wielding a +0 hand axe
              (4 damage)
             ... on level 2 of the Dungeon.
             The game lasted 00:02:08 (775 turns).

sampeng1 the Ruffian (Human Shapeshifter)            Turns: 775, Time: 00:02:09

Health: -2/33      AC:  5    Str: 16    XL:     4   Next: 2%
Magic:  4/4        EV: 11    Int: 16    God:
Gold:   44         SH:  0    Dex: 13    Spells: 3/3 levels left

rFire   . .          .
                       - Unarmed
rCold   . . .        (no shield)
rNeg    . . .        g - +0 ring mail
rPois   .            (helmet currently unavailable)
rElec   .            (cloak currently unavailable)
rCorr   .            (gloves currently unavailable)
SInv    .            (boots currently unavailable)
Will    .....        (no amulet)
Stlth   +            h - +6 ring of intelligence
HPRegen 0.25/turn    (no ring)
MPRegen 0.09/turn

%: no passive effects
@: beast-form
A: beast (slay +1)
a: Begin Untransformation


You were on level 2 of the Dungeon.
You were a hulking beast.
You visited 1 branch of the dungeon, and saw 2 of its levels.

You collected 44 gold pieces.

Inventory:

Armour
 a - a +0 animal skin
 g - a +0 ring mail (worn)
Jewellery
 h - a +6 ring of intelligence (left hand)
Talismans
 c - a beast talisman (active)
 d - a flux talisman
Scrolls
 e - a scroll of vulnerability {unknown}
 f - a scroll of amnesia {unknown}
Potions
 b - a potion of lignification
 i - a potion of berserk rage {unknown}


   Skills:
 + Level 1.9 Fighting
 + Level 0.1 Armour
 + Level 2.5 Dodging
 + Level 3.4 Unarmed Combat
 + Level 3.3 Shapeshifting


You had 3 spell levels left.
You didn't know any spells.
Your spell library was empty.

Dungeon Overview and Level Annotations

Branches:
Dungeon (2/15)

Altars:


Message History

An orc and an adder come into view.
The orc shouts! x2; The adder hisses angrily.
You see here a scroll labelled MAGOYC XIOP.
Okay, then.
Your library has no spells.
Found a small glass ring.
You punch the adder!
The adder is almost dead.
The adder barely misses you. x2
You hit the adder.
You kill the adder!
The orc closely misses you.
You have reached level 4!
You feel agile.
You hit the orc but do no damage. The orc hits you with a +0 hand axe.
The orc barely misses you.
You completely miss the orc. The orc hits you with a +0 hand axe.
The orc barely misses you.
You hit the orc.
The orc is moderately wounded.
The orc barely misses you. The orc hits you but does no damage.
The orc hits you with a +0 falchion!
You hit the orc.
The orc is severely wounded.
The orc hits you with a +0 hand axe. The orc hits you but does no damage.
The orc barely misses you.
You hit the orc but do no damage.
The orc is severely wounded.
The orc hits you with a +0 hand axe. The orc hits you but does no damage.
The orc hits you with a +0 falchion.
You hit the orc but do no damage.
The orc is severely wounded.
The orc hits you with a +0 hand axe.
* * * LOW HITPOINT WARNING * * *
The orc hits you but does no damage. The orc hits you with a +0 falchion!
* * * LOW HITPOINT WARNING * * *
You hit the orc.
The orc is heavily wounded.
The orc hits you with a +0 hand axe.
You die...

##......# ##...........
#............
###............ ###
.............. . #..
#............
.#####.#####............
...........)....oo......
................ho......
##.............?........
.......##.....##.##.#..=
<..[..###.....##.# # #
...........#####.#
.....####..# #.# ...###
##.# #.##. ...# ###.#
.... †..# ###. #...


You could see 3 orcs.

Vanquished Creatures
  2 adders (D:2)
  A worm (D:2)
  2 dart slugs
  An endoplasm (D:1)
  2 giant cockroaches (D:1)
  4 goblins
  2 hobgoblins (D:1)
  3 jackals (D:2)
  A quokka (D:1)
  4 bats
  2 rats (D:1)
24 creatures vanquished.

Notes
Turn   | Place    | Note
-------+----------+-------------------------------------------
     0 | D:1      | sampeng1 the Human Shapeshifter began the quest for the
                  | Orb.
     0 | D:1      | Reached XP level 1. HP: 15/15 MP: 1/1
   121 | D:1      | Reached XP level 2. HP: 6/21 MP: 2/2
   643 | D:2      | Reached XP level 3. HP: 20/26 MP: 3/3
   769 | D:2      | Reached XP level 4. HP: 33/33 MP: 4/4
   775 | D:2      | Slain by an orc

Illustrated notes

Levels and vault maps discovered:
D:1:      dpeg_arrival_short_road, layout_basic, item_on_display_a
D:2:      layout_rooms, serial_shops, nicolae_shop_waterfront

Action                     |  1- 3 |  4- 6 || total
---------------------------+-------+-------++-------
  Melee: Unarmed           |    80 |     7 ||    87
         Punch             |     1 |       ||     1
 Armour: Animal skin       |    22 |       ||    22
         Ring mail         |    36 |    13 ||    49
  Dodge: Dodged            |    79 |     4 ||    83

Table legend: (Time is in decaauts)
 A = Elapsed time spent in this place.
 B = Non-inter-level travel time spent in this place.
 C = Inter-level travel time spent in this place.
 D = Time resting spent in this place.
 E = Time spent auto-exploring this place.
 F = Levels seen in this place.
 G = Mean time per level.
                   A        B        C        D        E       F      G
               +--------+--------+--------+--------+--------+-----+--------+
         Total |    769 |    754 |     15 |      0 |    541 |   2 |  384.5 |
       Dungeon |    769 |    754 |     15 |      0 |    541 |   2 |  384.5 |
               +--------+--------+--------+--------+--------+-----+--------+

Top non-repeatable levels by time:
     D:1: 629 daAuts
     D:2: 140 daAuts
